 Dungeon Crawl Stone Soup version 0.27-a0-1548-gf8a67e7463 (webtiles) character file.

Game seed: 15561716849607727931

503 Spaninq the Chopper (level 6, -2/52 HPs)
             Began as a Palentonga Fighter on July 13, 2021.
             Was a Believer of Wu Jian.
             Slain by a black bear (6 damage)
             ... on level 5 of the Dungeon.
             The game lasted 00:07:23 (3384 turns).

Spaninq the Chopper (Palentonga Fighter)            Turns: 3384, Time: 00:07:23

Health: -2/52      AC:  8    Str: 20    XL:     6   Next: 96%
Magic:  6/6        EV:  6    Int:  9    God:    Wu Jian [**....]
Gold:   201        SH:  9    Dex: 10    Spells: 5/5 levels left

rFire    . . .     SeeInvis +   a - +0 war axe
rCold    . . .     Faith    .   c - +0 kite shield
rNeg     . . .     Spirit   .   b - +0 scale mail
rPois    .         Reflect  .   m - +0 helmet
rElec    .         Harm     .   l - +0 cloak
rCorr    .         Rampage  .   (no gloves)
Will     .....                  (no barding)
Stlth    ..........             (no amulet)
HPRegen  0.17/turn              (no ring)
MPRegen  0.10/turn              (no ring)

@: no status effects
A: large, rugged brown scales 3, see invisible, deformed body, roll 1, armoured
tail
a: Rolling Charge, Renounce Religion, Wall Jump


You were on level 5 of the Dungeon.
You worshipped Wu Jian.
Wu Jian was pleased with you.
You visited 1 branch of the dungeon, and saw 5 of its levels.

You collected 201 gold pieces.

Inventory:

Hand Weapons
 a - a +0 war axe (weapon)
 s - a +2 whip of electrocution
Missiles
 k - 3 boomerangs of dispersal
Armour
 b - a +0 scale mail (worn)
 c - a +0 kite shield (worn)
 l - a +0 cloak (worn)
 m - a +0 helmet (worn)
Jewellery
 e - an amulet of faith
 i - a ring of fire
 w - a +6 ring of intelligence
Wands
 n - a wand of polymorph (4)
 o - a wand of mindburst (11)
 z - a wand of paralysis (8)
Scrolls
 j - a scroll of magic mapping
 p - a scroll of teleportation {unknown}
 q - 2 scrolls of identify {unknown}
 t - a scroll of vulnerability {unknown}
 u - 3 scrolls of noise {unknown}
 x - a scroll of brand weapon {unknown}
 y - a scroll of enchant armour {unknown}
Potions
 d - a potion of might
 f - a potion of degeneration {unknown}
 g - 2 potions of heal wounds {unknown}
 h - 2 potions of curing {unknown}
 r - 2 potions of flight {unknown}
 v - a potion of resistance {unknown}


   Skills:
 + Level 4.3 Fighting
 * Level 5.0 Axes
 - Level 2.4 Armour
 * Level 4.5 Shields


You had 5 spell levels left.
You didn't know any spells.
Your spell library contained the following spells:

 Spells                   Type           Power      Damage    Failure   Level
 Corona                   Hex            0%         N/A       97%         1
 Pain                     Necr           0%         1d4       97%         1
 Sandblast                Erth           0%         2d4       97%         1
 Ensorcelled Hibernation  Hex/Ice        0%         N/A       99%         2
 Passwall                 Tmut/Erth      0%         N/A       99%         2
 Ozocubu's Armour         Ice            0%         N/A       100%        3
 Summon Guardian Golem    Hex/Summ       0%         N/A       100%        3
 Tukima's Dance           Hex            0%         N/A       100%        3
 Agony                    Necr           0%         N/A       100%        5
 Excruciating Wounds      Necr           0%         N/A       100%        5
 Lee's Rapid Deconstruct  Erth           0%         3d5*      100%        5
 Metabolic Englaciation   Hex/Ice        0%         N/A       100%        5
 Simulacrum               Ice/Necr       0%         N/A       100%        6
 Orb of Destruction       Conj           0%         N/A       100%        7
 Spellforged Servitor     Conj/Summ      0%         N/A       100%        7
 Borgnjor's Revivificati  Necr           0%         N/A       100%        8
 Necromutation            Tmut/Necr      0%         N/A       100%        8
 Death's Door             Necr           0%         N/A       100%        9


Dungeon Overview and Level Annotations

Branches:
Dungeon (5/15)
 Temple: D:4-7

Altars:
Uskayaw
Vehumet
Wu Jian
Yredelemnul
The Shining One


Innate Abilities, Weirdness & Mutations

You are completely covered in rugged brown scales. (AC +3, +7% HP)
You have supernaturally acute eyesight. (SInv)
Armour fits poorly on your strangely shaped body.
You can roll at nearby foes to attack.
You have a long armoured tail.


Message History

You barely miss the black bear.
The black bear is heavily wounded.
The black bear bites you but does no damage.
The black bear claws you but does no damage.
The black bear closely misses you.
You hit the black bear.
The black bear is heavily wounded.
The black bear bites you. You block the black bear's attack.
The black bear claws you. You block the black bear's attack.
The black bear claws you but does no damage.
The black bear claws you.
You hit the black bear but do no damage.
You tail-slap the black bear.
The black bear is severely wounded.
The black bear bites you. The black bear completely misses you.
The black bear claws you but does no damage.
You completely miss the black bear. You tail-slap the black bear.
The black bear is almost dead.
The black bear goes berserk!
You closely miss the black bear.
The black bear is almost dead.
You block the black bear's attack.
The black bear claws you but does no damage. x2
The black bear bites you. The black bear barely misses you.
The black bear claws you. The black bear bites you!
* * * LOW HITPOINT WARNING * * *
The black bear barely misses you. You block the black bear's attack.
You barely miss the black bear.
The black bear is almost dead.
The black bear bites you.
* * * LOW HITPOINT WARNING * * *
You block the black bear's attack.
The black bear claws you but does no damage.
The black bear bites you.
* * * LOW HITPOINT WARNING * * *
The black bear closely misses you. You block the black bear's attack.
You closely miss the black bear.
The black bear is almost dead.
The black bear bites you.
You die...

#####.####
#........#
#........#
#........#
#..h.....#
#....h...#
#........#
#######.######
#....@hS.......
#.#####......).
#.# #.....(..
#.# #........
#.# #........
#.# #........
##### #.#
#........ ....#
#.# .......
###<# #.#


You could see a black bear (berserk) and an adder.

Vanquished Creatures
  Duvessa (D:5)
  A black bear (D:5)
  Dowan (D:5)
  A howler monkey (D:4)
  A hound (D:5)
  A centaur skeleton (D:4)
  A hound skeleton (D:4)
  Robin (D:2)
  4 adders
  A worm (D:3)
  2 dart slugs
  2 orcs
  5 ball pythons
  2 bats (D:1)
  4 endoplasms
  5 giant cockroaches
  15 goblins
  3 hobgoblins
  10 jackals
  7 kobolds
  3 quokkas
  A frilled lizard (D:2)
  A jackal skeleton (D:4)
  5 rats
78 creatures vanquished.

Vanquished Creatures (others)
  10 plants
10 creatures vanquished.

Grand Total: 88 creatures vanquished

Notes
Turn   | Place    | Note
-------+----------+-------------------------------------------
     0 | D:1      | Spaninq the Palentonga Fighter began the quest for the Orb.
     0 | D:1      | Reached XP level 1. HP: 19/19 MP: 1/1
   300 | D:1      | Reached XP level 2. HP: 25/25 MP: 2/2
   360 | D:1      | Found a faded altar of an unknown god.
   369 | D:1      | Became a worshipper of the Wu Jian Council
   369 | D:1      | Reached * piety under Wu Jian
   945 | D:2      | Noticed Robin
   952 | D:1      | Reached XP level 3. HP: 28/31 MP: 3/3
  1206 | D:2      | Reached skill level 3 in Axes
  1214 | D:2      | Killed Robin
  1215 | D:2      | Reached XP level 4. HP: 24/37 MP: 4/4
  1219 | D:2      | Reached ** piety under Wu Jian
  2552 | D:4      | Found a basalt altar of Yredelemnul.
  2628 | D:4      | Reached XP level 5. HP: 34/44 MP: 5/5
  2633 | D:4      | Reached skill level 4 in Axes
  2648 | D:4      | Found a hide-covered altar of Uskayaw.
  2749 | D:4      | Found a glowing golden altar of the Shining One.
  2946 | D:4      | Found a radiant altar of Vehumet.
  3057 | D:5      | Entered Level 5 of the Dungeon
  3095 | D:5      | Noticed a black bear
  3103 | D:5      | Killed a black bear
  3104 | D:5      | Reached XP level 6. HP: 32/51 MP: 6/6
  3218 | D:5      | Noticed Duvessa
  3218 | D:5      | Noticed Dowan
  3232 | D:5      | Killed Duvessa
  3235 | D:5      | Killed Dowan
  3375 | D:5      | Reached skill level 5 in Axes
  3384 | D:5      | Slain by a black bear

Illustrated notes

Levels and vault maps discovered:
D:1:      dpeg_arrival_round_c, layout_loops_ring, serial_bayou,
          serial_bayou_ford_a, serial_bayou_pond_b, serial_bayou_lagoon_a,
          serial_bayou_pond_d, serial_bayou_pond_d,
          hellmonk_ecumenical_altar_zigzags
D:2:      layout_rooms, uniq_robin
D:3:      layout_loops_ring, minmay_cupped
D:4:      layout_rooms, tso_oasis_becter, mainiacjoe_overflow_surrounded_room,
          overflow_temple_1_default, mainiacjoe_overflow_small_starburst,
          kennysheep_generic_room_10
D:5:      layout_basic, kennysheep_mini, minmay_temple_entry_large_hall,
          ebering_ghost_disaster_area, uniq_duvessa, uniq_pikel

Skill      XL: |  1  2  3  4  5  6 |
---------------+-------------------+-----
Shields        | 3 4 |  4.5
Axes           | 3 4 5 |  5.0
Fighting       | 4 |  4.3
Armour         | |  2.4

Action                   |  1- 3 |  4- 6 || total
-------------------------+-------+-------++-------
Melee: War axe           |    86 |    67 ||   153
       Tailslap          |    10 |    17 ||    27
       Whip              |       |    59 ||    59
Invok: Whirlwind         |     1 |    10 ||    11
       Lunge             |     1 |     4 ||     5
 Abil: Rolling Charge    |     3 |     5 ||     8
  Use: Scroll            |       |     1 ||     1
Armor: Scale mail        |    50 |    88 ||   138
Dodge: Dodged            |    15 |    22 ||    37
Block: Kite shield       |    37 |    78 ||   115

Table legend: (Time is in decaauts)
 A = Elapsed time spent in this place.
 B = Non-inter-level travel time spent in this place.
 C = Inter-level travel time spent in this place.
 D = Time resting spent in this place.
 E = Time spent auto-exploring this place.
 F = Levels seen in this place.
 G = Mean time per level.
                   A        B        C        D        E       F      G
               +--------+--------+--------+--------+--------+-----+--------+
         Total |   3492 |   3385 |    107 |    504 |   2298 |   5 |  698.4 |
       Dungeon |   3492 |   3385 |    107 |    504 |   2298 |   5 |  698.4 |
               +--------+--------+--------+--------+--------+-----+--------+

Top non-repeatable levels by time:
     D:1: 1029 daAuts
     D:3: 943 daAuts
     D:2: 630 daAuts
     D:4: 549 daAuts
     D:5: 338 daAuts
